 Dungeon Crawl Stone Soup version 0.29.1-13-g9f3cf754e1 (webtiles) character file.

Game seed: 6911511970849175000

133 KittyFluff the Cudgeller (level 5, -4/33 HPs)
             Began as a Gargoyle Berserker on Jan 29, 2023.
             Was a Believer of Trog.
             Splashed by a jelly's acid (7 damage)
             ... on level 3 of the Dungeon.
             The game lasted 00:07:00 (2619 turns).

KittyFluff the Cudgeller (Gargoyle Berserker)       Turns: 2619, Time: 00:07:02

Health: -4/33      AC: -7    Str: 20    XL:     5   Next: 16%
Magic:  5/5        EV: 12    Int:  8    God:    Trog [**....]
Gold:   126        SH:  0    Dex: 11    Spells: 4/4 levels left

rFire   . . .      SeeInvis .   a - +0 mace
rCold   . . .      Faith    .   (no shield)
rNeg    + . .      Spirit   .   j - +0 leather armour
rPois   ∞          Reflect  .   (no helmet)
rElec   +          Harm     .   e - +0 cloak
rCorr   .          Rampage  .   (no gloves)
Will    .....                   (no boots)
Stlth   +.........              (no amulet)
HPRegen 0.11/turn               (no ring)
MPRegen 0.09/turn               (no ring)

@: corroded
A: sickness immunity, AC +4, negative energy resistance 1, electricity
resistance, torment resistance 1, petrification resistance
a: Renounce Religion, Berserk, Trog's Hand


You were on level 3 of the Dungeon.
You worshipped Trog.
Trog was pleased with you.
You visited 1 branch of the dungeon, and saw 3 of its levels.

You collected 126 gold pieces.

Inventory:

Hand Weapons
 a - a +0 mace (weapon)
 i - a +0 sling
Missiles
 c - 31 stones (quivered)
 d - 7 poisoned darts
Armour
 e - a +0 cloak (worn)
 j - a +0 leather armour (worn)
 l - a +0 ring mail
Scrolls
 b - a scroll of teleportation {unknown}
 f - a scroll of identify {unknown}
 g - a scroll of amnesia {unknown}
 k - a scroll of magic mapping {unknown}
Potions
 h - 2 potions of haste {unknown}


   Skills:
 + Level 4.0 Fighting
 + Level 4.2 Maces & Flails
 * Level 3.0 Armour
 + Level 2.3 Dodging
 + Level 1.0 Stealth


You had 4 spell levels left.
You didn't know any spells.
Your spell library was empty.

Dungeon Overview and Level Annotations

Branches:
Dungeon (3/15)

Altars:


Innate Abilities, Weirdness & Mutations

You are immune to sickness and miasma.
Your stone body is resilient. (AC +4)
You are immune to poison.
You resist negative energy. (rN+)
You are resistant to electric shocks. (rElec)
You are resistant to unholy torment.
You are immune to petrification.


Message History

Trog accepts your kill.
You see here a frilled lizard corpse.
Found a stone staircase leading up.
There is a stone staircase leading up here.
There is a stone staircase leading up here.
You can't go down here!
There is a stone staircase leading down here.
You climb downwards.
The kobold shouts!
There is a stone staircase leading up here.
The kobold throws a poisoned dart.
The poisoned dart hits you!
A jelly comes into view.
The jelly quivers.
The kobold misses you. The jelly barely misses you.
The kobold throws a poisoned dart.
The poisoned dart completely misses you.
The jelly attacks as you move away! The jelly barely misses you.
You hit the jelly.
Your hands burn!
The jelly is lightly wounded.
The jelly closely misses you.
You hit the jelly. The acid corrodes you!
Your hands burn!
The jelly is lightly wounded.
The jelly misses you.
You thump the jelly!
Your hands burn!
The jelly is severely wounded.
The jelly hits you but does no damage.
You hit the jelly but do no damage.
Your hands burn!
The jelly is severely wounded.
The jelly barely misses you.
You hit the jelly but do no damage. The acid corrodes you!
Your hands burn!
The jelly is severely wounded.
The jelly hits you. The acid corrodes you!
You are splashed with acid!
* * * LOW HITPOINT WARNING * * *
You hit the jelly. The acid corrodes you!
Your hands burn!
* * * LOW HITPOINT WARNING * * *
The jelly is severely wounded.
The jelly hits you.
* * * LOW HITPOINT WARNING * * *
You are splashed with acid!
You die...

### #..
#.# #.#
#.# #<#
#@# ##J##
#.K.#
#.........
#...####..
#####


You could see a jelly and a kobold.

Vanquished Creatures
  7 adders (D:2)
  2 worms (D:2)
  A dart slug (D:1)
  6 ball pythons
  3 bats
  5 endoplasms
  3 giant cockroaches
  7 goblins
  3 hobgoblins
  6 jackals (D:1)
  A quokka (D:2)
  4 frilled lizards
  5 kobolds
  7 rats
60 creatures vanquished.

Vanquished Creatures (others)
  A plant (D:2)
1 creature vanquished.

Grand Total: 61 creatures vanquished

Notes
Turn   | Place    | Note
-------+----------+-------------------------------------------
     0 | D:1      | KittyFluff the Gargoyle Berserker began the quest for the
                  | Orb.
     0 | D:1      | Reached XP level 1. HP: 14/14 MP: 1/1
    83 | D:1      | Reached XP level 2. HP: 16/19 MP: 2/2
   371 | D:1      | Reached ** piety under Trog
   372 | D:1      | Reached XP level 3. HP: 22/24 MP: 3/3
  1604 | D:2      | Reached XP level 4. HP: 21/29 MP: 4/4
  2017 | D:2      | Found a faded altar of an unknown god.
  2188 | D:2      | Reached skill level 1 in Stealth
  2380 | D:2      | Reached XP level 5. HP: 32/33 MP: 5/5
  2619 | D:3      | Splashed by a jelly's acid

Illustrated notes

Levels and vault maps discovered:
D:1:      dpeg_arrival_simpleton_a, layout_basic, nicolae_eternal_life
D:2:      layout_loops_ring, shapermc_ecumenical_altar_hornbeckon, hex_medium
D:3:      layout_loops_ring

Skill      XL: |  1  2  3  4 |
---------------+-------------+-----
Dodging        | 2 |  2.3
Maces & Flails | 4 |  4.2
Stealth        | 1 |  1.0
Fighting       | 4 |  4.0
Armour         | 3 |  3.0

Action                   |  1- 3 |  4- 6 || total
-------------------------+-------+-------++-------
Melee: Mace              |   111 |    87 ||   198
       Punch             |     1 |       ||     1
 Stab: Sleeping          |     1 |       ||     1
Armor: Animal skin       |    47 |    16 ||    63
       Leather armour    |       |    13 ||    13
Dodge: Dodged            |    87 |    64 ||   151
